AoeStats
← Tetractus

Arena

509154532Analyzed
2v2 RM · 7d ago on Sep 25, 2026· 67m 1s· 4 players
Game mode
Random Map
Map size
Medium (4 player)
Population
200
Speed
Normal
Resources
Standard
Victory
Conquest
Starting age
Dark Age
Ending age
Imperial Age
RankedLock teamsTeams togetherTeam positionsShared explorationLock speedFull tech treeHidden civsTurbo modeCheats
Victory
Defeat
🇵🇷 Portuguese · Puerto Rico
1047
+14
🇪🇸 Spanish · Spain
1047
+14
🇯🇵 Aztecs · Japan
1028
-14
🇪🇸 Britons · Spain
992
-14
TheDafey
0:51 Loom
11:03 Feudal Age
15:39 Castle Age
14:17 Stone Mining
14:24 Double-Bit Axe
19:04 Man-at-Arms
20:03 Elite Skirmisher
24:36 Horse Collar
25:33 Wheelbarrow
24:47 Loom
25:20 Bow Saw
25:27 Gold Mining
25:40 Long Swordsman
27:15 Gambesons
27:32 Squires
27:18 Arson
28:22 Town Watch
28:55 Hand Cart
28:32 Fletching
28:42 Padded Archer Armor
28:54 Forging
28:44 Scale Mail Armor
28:21 Crossbowman
30:11 Bodkin Arrow
30:31 Leather Archer Armor
31:38 Town Patrol
32:16 Iron Casting
31:56 Chain Mail Armor
31:51 Scale Barding Armor
32:03 Husbandry
34:08 Yeomen
34:43 Chain Mail Armor
34:36 Heavy Plow
36:03 Ballistics
35:40 Murder Holes
41:46 Imperial Age
39:54 Fortified Wall
41:07 Gold Shaft Mining
46:08 Imperial Age
47:48 Conscription
47:57 Caravan
47:48 Light Cavalry
53:37 Chemistry
Walter2000
12:29 Feudal Age
16:33 Castle Age
14:33 Double-Bit Axe
14:31 Horse Collar
15:20 Gold Mining
15:21 Loom
16:15 Wheelbarrow
18:13 Fervor
18:40 Heavy Plow
20:14 Bow Saw
22:18 Sanctity
22:12 Redemption
22:31 Fletching
22:42 Padded Archer Armor
23:27 Elite Skirmisher
24:57 Hand Cart
25:28 Town Watch
27:44 Atonement
30:58 Imperial Age
29:10 Leather Archer Armor
29:05 Bodkin Arrow
29:37 Ballistics
30:48 Stone Mining
31:45 Bracer
32:50 Chemistry
31:54 Atlatl
33:32 Conscription
34:19 Block Printing
37:09 Siege Engineers
41:50 Gold Shaft Mining
41:54 Stone Shaft Mining
40:57 Pikeman
41:38 Squires
43:25 Forging
43:16 Scale Mail Armor
42:40 Elite Jaguar Warrior
43:41 Garland Wars
44:54 Iron Casting
45:53 Chain Mail Armor
45:04 Eagle Warrior
45:31 Arson
47:28 Blast Furnace
46:32 Elite Eagle Warrior
48:31 Plate Mail Armor
Tetractus
12:01 Feudal Age
10:47 Loom
16:21 Castle Age
14:48 Double-Bit Axe
15:27 Horse Collar
17:21 Stone Mining
18:31 Gold Mining
20:10 Stone Shaft Mining
19:57 Squires
21:26 Bow Saw
23:33 Loom
24:41 Thumb Ring
25:49 Wheelbarrow
28:43 Imperial Age
26:31 Town Watch
27:29 Fletching
28:33 Hand Cart
28:23 Husbandry
28:34 Bloodlines
30:28 Chemistry
30:12 Ballistics
29:59 Padded Archer Armor
30:13 Heavy Plow
31:45 Town Patrol
33:06 Two-Man Saw
33:25 Man-at-Arms
33:51 Gambesons
34:26 Leather Archer Armor
34:22 Forging
34:12 Scale Mail Armor
35:46 Thumb Ring
35:58 Fortified Wall
37:08 Ring Archer Armor
37:14 Iron Casting
37:52 Light Cavalry
40:07 Blast Furnace
39:13 Scale Barding Armor
39:14 Hussar
42:10 Chain Barding Armor
42:48 Devotion
44:01 Conscription
45:26 Hoardings
46:26 Chain Mail Armor
46:50 Plate Barding Armor
46:11 Bodkin Arrow
47:14 Long Swordsman
53:21 Two-Handed Swordsman
53:47 Arson
54:58 Caravan
54:38 Champion
55:16 Cavalier
56:50 Chain Mail Armor
60:07 Paladin
61:23 Plate Mail Armor
60:54 Bracer
Buonarroti
11:15 Feudal Age
16:25 Castle Age
14:14 Loom
14:53 Horse Collar
15:17 Double-Bit Axe
17:45 Bow Saw
18:48 Heavy Plow
23:41 Wheelbarrow
28:34 Imperial Age
26:54 Thumb Ring
26:09 Elite Skirmisher
27:54 Hand Cart
27:54 Fortified Wall
28:07 Ballistics
28:04 Fletching
28:14 Padded Archer Armor
28:32 Masonry
29:18 Bodkin Arrow
29:38 Leather Archer Armor
30:38 Chemistry
29:43 Town Watch
29:39 Crossbowman
31:04 Crop Rotation
31:35 Two-Man Saw
31:59 Architecture
32:06 Siege Engineers
32:31 Bracer
36:01 Arbalester
41:02 Ring Archer Armor
45:38 Scale Barding Armor
45:44 Forging
46:37 Bloodlines
46:28 Husbandry
45:48 Light Cavalry
47:28 Chain Barding Armor
47:44 Iron Casting
47:12 Murder Holes
47:54 Town Patrol
55:05 Conscription
54:55 Circumnavigation
64:27 Elite Organ Gun
65:09 Arquebus
Connection lost

Rejoining the realm…

Still unreachable

The connection could not be restored.

Session expired

The server has moved on; the page needs a fresh start.